 Dungeon Crawl Stone Soup version 0.30.0-29-ga12c61a403 (webtiles) character file.

Game seed: 16856786991722747012

1 Pass3 the Vexing (level 1, -1/12 HPs)
             Began as a Kobold Hexslinger on June 10, 2023.
             Slain by a hobgoblin (5 damage)
             ... on level 1 of the Dungeon.
             The game lasted 00:06:28 (138 turns).

Pass3 the Vexing (Kobold Hexslinger)                 Turns: 138, Time: 00:06:28

Health: -1/12      AC:  2    Str:  7    XL:     1   Next: 22%
Magic:  2/2        EV: 15    Int: 14    God:
Gold:   0          SH:  0    Dex: 15    Spells: 1/2 levels left

rFire   . . .        a - +1 sling
rCold   . . .        (no shield)
rNeg    . . .        c - +0 robe
rPois   .            (no helmet)
rElec   .            (no cloak)
rCorr   .            (no gloves)
SInv    .            (no boots)
Will    .....        (no amulet)
Stlth   ++           (no ring)
HPRegen 0.22/turn    (no ring)
MPRegen 0.08/turn

%: no passive effects
@: no status effects
A: small, no large weapons, nightstalker 3
a: no special abilities


You were on level 1 of the Dungeon.
You visited 1 branch of the dungeon, and saw 1 of its levels.

Inventory:

Hand Weapons
 a - a +1 sling (weapon)
Armour
 c - a +0 robe (worn)
Scrolls
 b - a scroll of poison
Potions
 d - a potion of berserk rage {unknown}


   Skills:
 - Level 1.1 Fighting
 + Level 2.9 Ranged Weapons
 - Level 2.4 Dodging
 - Level 1.1 Spellcasting
 - Level 3.0 Hexes


You had one spell level left.
You knew the following spells:

 Your Spells              Type           Power      Damage    Failure   Level
a - Slow                  Hex            36%        N/A       8%          1

Your spell library contained the following spells:

 Spells                   Type           Power      Damage    Failure   Level
 Inner Flame              Hex/Fire       4%         N/A       38%         3
 Portal Projectile        Hex/Tloc       8%         N/A       38%         3
 Cause Fear               Hex            4%         N/A       58%         4


Dungeon Overview and Level Annotations

Branches:
Dungeon (1/15)

Altars:


Innate Abilities, Weirdness & Mutations

You are small and have problems with some larger weapons.
You are completely attuned to the shadows.


Message History

You shoot a sling bullet.
The sling bullet closely misses the kobold.
The kobold barely misses you. The hobgoblin closely misses you.
Aiming: Slow (safe; 8% risk of failure)
Press: ? - help, Q - select action, (/) - cycle Shift-Dir - straight line, f/p - kobold
Aim: a kobold, wielding a +0 whip and quivering stones (chance to affect: 61%)
The kobold seems to slow down.
The hobgoblin hits you. The kobold hits you but does no damage.
You shoot a sling bullet.
The sling bullet hits the kobold but does no damage.
The hobgoblin hits you. The kobold hits you with a +0 whip.
* * * LOW HITPOINT WARNING * * *
The hobgoblin attacks as you move away! The hobgoblin misses you.
You shoot a sling bullet.
The sling bullet closely misses the hobgoblin.
The sling bullet hits the kobold but does no damage.
You hear a shout!
A kobold comes into view. It is wielding a +0 whip.
The hobgoblin closely misses you. The hobgoblin hits you.
* * * LOW HITPOINT WARNING * * *
The kobold is no longer moving slowly.
The quokka completely misses you. The hobgoblin attacks as you move away!
The hobgoblin barely misses you.
You shoot a sling bullet.
The sling bullet barely misses the quokka.
The sling bullet hits the kobold.
You kill the kobold!
The quokka completely misses you. The hobgoblin closely misses you.
The quokka misses you.
You shoot a sling bullet.
The sling bullet barely misses the quokka.
The sling bullet hits the kobold.
You kill the kobold!
The quokka misses you. The hobgoblin closely misses you.
The quokka completely misses you.
You shoot a sling bullet.
The sling bullet closely misses the hobgoblin.
The hobgoblin misses you.
The quokka bites you but does no damage.
The hobgoblin hits you.
You die...

###################
#...).)..g@........
....##....r..##'##..
.......##....#...#
.#..#####..###.8.###
... #..#.......#
#.8.<.8.# #.......#
###.8.### #...#


You could see a quokka and a hobgoblin.

Vanquished Creatures
  2 kobolds (D:1)
2 creatures vanquished.

Notes
Turn   | Place    | Note
-------+----------+-------------------------------------------
     0 | D:1      | Pass3 the Kobold Hexslinger began the quest for the Orb.
     0 | D:1      | Reached XP level 1. HP: 12/12 MP: 2/2
   138 | D:1      | Slain by a hobgoblin

Illustrated notes

Levels and vault maps discovered:
D:1:      dpeg_arrival_simpleton_c, layout_loops_ring

Action                     || total
---------------------------++-------
   Fire: Sling             ||     7
   Cast: Slow              ||     1
 Armour: Robe              ||     3
  Dodge: Dodged            ||    15
